 Dungeon Crawl Stone Soup version 0.31-a0-188-g5e087ee2ca (webtiles) character file.

Game seed: 15810134148396480391

9639 lessens the Severer (level 11, 0/85 HPs)
             Began as a Black Draconian Artificer on June 24, 2023.
             Was a High Priest of Okawaru.
             Slain by a black mamba (5 damage)
             ... on level 1 of the Lair of Beasts.
             The game lasted 00:17:30 (10818 turns).

lessens the Severer (Black Draconian Artificer)    Turns: 10818, Time: 00:17:30

Health: 0/85       AC: 10    Str: 18    XL:     11   Next: 25%
Magic:  12/14      EV: 21    Int: 12    God:    Okawaru [*****.]
Gold:   692        SH:  0    Dex: 12    Spells: 10/10 levels left

rFire   . . .        R - +0 battleaxe
rCold   . . .        (shield currently unavailable)
rNeg    . . .        (body armour unavailable)
rPois   .            (helmet restricted)
rElec   +            z - +1 cloak
rCorr   .            M - +0 pair of gloves
SInv    .            (no boots)
Will    +....        j - amulet of regeneration
Stlth   +++          l - ring of willpower
HPRegen 1.14/turn    F - +5 ring of evasion
MPRegen 0.14/turn

%: no passive effects
@: lethally poisoned (0 -> -1), heroic
A: breathe lightning, AC +7, unfitting armour, electricity resistance,
cold-blooded
a: Breathe Lightning, Renounce Religion, Heroism, Finesse, Duel


You were on level 1 of the Lair of Beasts.
You worshipped Okawaru.
Okawaru was extremely pleased with you.
You visited 2 branches of the dungeon, and saw 12 of its levels.

You collected 692 gold pieces.

Inventory:

Hand Weapons
 a - a +0 club
 h - a +0 dagger of freezing
 i - a +0 mace
 v - a +0 hand axe
 N - a +2 dire flail of protection
 R - a +0 battleaxe (weapon)
Missiles
 g - 64 stones
 o - 3 javelins
 r - 2 throwing nets
 B - 2 boomerangs
 Q - 2 boomerangs of dispersal
Armour
 y - a scarf of shadows
 z - a +1 cloak (worn)
 D - a +0 kite shield
 M - a +0 pair of gloves (worn)
Jewellery
 j - an amulet of regeneration (around neck)
 l - a ring of willpower (left hand)
 s - an amulet of guardian spirit
 F - a +5 ring of evasion (right hand)
 L - an amulet of magic regeneration
Wands
 b - a wand of flame (66) (quivered)
 c - a wand of charming (13)
 d - a wand of iceblast (11)
Scrolls
 f - 5 scrolls of butterflies
 k - 3 scrolls of blinking
 m - 2 scrolls of identify
 n - 2 scrolls of poison {unknown}
 p - a scroll of enchant armour {unknown}
 q - 4 scrolls of amnesia
 t - 2 scrolls of fog {unknown}
 u - 2 scrolls of immolation
 w - 2 scrolls of brand weapon {unknown}
 x - 8 scrolls of teleportation
 A - a scroll of vulnerability {unknown}
 C - a scroll of enchant weapon {unknown}
 E - a scroll of revelation {unknown}
 G - a scroll of acquirement {unknown}
 O - a scroll of torment {unknown}
Potions
 e - a potion of berserk rage
 H - a potion of mutation {unknown}
 J - a potion of lignification
 K - 3 potions of might
 P - a potion of cancellation


   Skills:
 + Level 4.7(9.7) Fighting
 * Level 15.3(20.3) Axes
 - Level 6.0(11.0) Dodging
 - Level 0.8(5.8) Stealth
 - Level 4.1 Invocations
 - Level 3.0 Evocations


You had 10 spell levels left.
You didn't know any spells.
Your spell library contained the following spells:

 Spells                   Type           Power      Damage    Failure   Level
 Ensorcelled Hibernation  Hex/Ice        0%         N/A       45%         2
 Passwall                 Tmut/Erth      0%         N/A       45%         2
 Hailstorm                Conj/Ice       0%         3d3       69%         3
 Mephitic Cloud           Conj/Pois/Air  0%         N/A       69%         3
 Swiftness                Air            0%         N/A       69%         3
 Ice Form                 Ice/Tmut       0%         N/A       97%         4
 Passage of Golubria      Tloc           0%         N/A       97%         4
 Arcjolt                  Conj/Air       0%         1d10      100%        5
 Fireball                 Conj/Fire      0%         3d3       100%        5
 Iskenderun's Battlesphe  Conj           0%         2d6       100%        5
 Yara's Violent Unravell  Hex/Tmut       0%         3d3       100%        5
 Conjure Ball Lightning   Conj/Air       0%         3x3d6     100%        6
 Leda's Unmaking          Conj/Erth      0%         9d1       100%        6
 Orb of Destruction       Conj           0%         9d5       100%        7
 Storm Form               Tmut/Air       0%         N/A       100%        7
 Tukima's Dance           Hex            Unusable   N/A       N/A         3
 Simulacrum               Ice/Necr       Unusable   N/A       N/A         6
 Spellforged Servitor     Conj/Summ      Unusable   N/A       N/A         7

Dungeon Overview and Level Annotations

Branches:
Dungeon (11/15) Zot: 25832  Temple (0/1) D:7            Lair (1/5) D:11 Zot: 5978
    Orc (0/2) D:11

Altars:
Fedhas
Kikubaaqudgha
Makhleb
Nemelex Xobeh
Okawaru
Ru
Vehumet
Wu Jian
Zin
The Shining One

Shops:
D:6 :   D:11 *

Annotations:
D:3 1 exclusion, Ijyb
D:9 exclusion: 4 doors


Innate Abilities, Weirdness & Mutations

You can breathe wild blasts of lightning.
Your glossy black scales are hard. (AC +7)
You cannot fit into any form of body armour.
You are resistant to electric shocks. (rElec)
You are cold-blooded and may be slowed by cold attacks.


Message History

You are more poisoned.
The black mamba poisons you!
You miss the black mamba.
The black mamba is lightly wounded.
* * * LOW HITPOINT WARNING * * *
You feel very sick.
The black mamba bites you but does no damage.
The black mamba completely misses you.
You closely miss the black mamba.
The black mamba is lightly wounded.
You feel very sick. The black mamba barely misses you.
The black mamba completely misses you.
You feel better. The black mamba bites you.
* * * LOW HITPOINT WARNING * * *
You are poisoned.
The black mamba poisons you! The black mamba misses you.
You closely miss the black mamba.
The black mamba is lightly wounded.
You feel very sick. The black mamba closely misses you.
You barely miss the black mamba.
You tail-slap the black mamba, but do no damage.
The black mamba is lightly wounded.
You feel very sick.
The black mamba bites you but does no damage.
The black mamba misses you.
You closely miss the black mamba.
The black mamba is lightly wounded.
You feel very sick. The black mamba bites you!
* * * LOW HITPOINT WARNING * * *
The black mamba bites you but does no damage.
You barely miss the black mamba. You tail-slap the black mamba.
The black mamba is lightly wounded.
You feel sick. The black mamba barely misses you.
You gain the combat prowess of a mighty hero.
You feel sick. The black mamba bites you.
* * * LOW HITPOINT WARNING * * *
The black mamba bites you.
You die...

...)..........#
..............#
#............##
#.............#
#......#......#
##............#
#.......S.....#
#.....<.@....#
#P.............#
##.............#
#........(...##
####.###.....P#
#. #...?### #.
#....# .. #....#


You could see a black mamba.

Vanquished Creatures
  Snorg (D:11)
  3 two-headed ogres
  Pikel (D:5)
  An ugly thing (D:11)
  A manticore (D:11)
  An elephant (D:11)
  An unseen horror (D:11)
  3 trolls
  A shadow (D:10)
  A basilisk (D:11)
  6 yaks
  A steam dragon (D:9)
  An acid dragon (D:9)
  3 water moccasins
  2 black bears
  7 orc warriors
  An ice beast (D:6)
  3 centaurs
  Blork the orc (D:5)
  4 bullfrogs
  A gnoll sergeant (D:7)
  3 scorpions
  3 killer bees (D:11)
  2 howler monkeys (D:11)
  4 hounds
  8 orc priests
  5 jellies
  10 orc wizards
  A sleepcap (D:8)
  3 iguanas
  7 adders
  14 gnolls
  A shadow imp (D:6)
  A dart slug (D:5)
  The ghost of Leavold the Caller, a weakling DESu (D:4)
  26 orcs
  4 endoplasms
  3 giant cockroaches
  5 goblins
  12 hobgoblins
  3 quokkas
  4 ball pythons
  4 bats
  4 frilled lizards
  5 kobolds
  4 rats
181 creatures vanquished.

Vanquished Creatures (others)
  A gnoll (D:2)
1 creature vanquished.

Grand Total: 182 creatures vanquished

Notes
Turn   | Place    | Note
-------+----------+-------------------------------------------
     0 | D:1      | lessens the Draconian Artificer began the quest for the
                  | Orb.
     0 | D:1      | Reached XP level 1. HP: 16/16 MP: 1/1
   478 | D:1      | Reached skill level 1 in Axes
   832 | D:2      | Reached XP level 2. HP: 16/23 MP: 2/2
   985 | D:2      | Reached skill level 2 in Axes
   990 | D:2      | Reached XP level 3. HP: 25/28 MP: 3/3
   996 | D:2      | Reached skill level 3 in Axes
  1283 | D:2      | HP: 2/42 [poisoned by an adder]
  1703 | D:2      | Reached XP level 4. HP: 35/35 MP: 4/4
  2150 | D:3      | Noticed Ijyb
  2266 | D:3      | Reached skill level 4 in Axes
  2577 | D:3      | Reached XP level 5. HP: 40/40 MP: 5/5
  2758 | D:4      | Found an iron altar of Okawaru.
  2780 | D:4      | Found a blossoming altar of Fedhas.
  2784 | D:4      | Became a worshipper of Warmaster Okawaru
  3007 | D:4      | Found a runed translucent door.
  3010 | D:4      | Noticed Leavold's ghost (weakling DESu)
  3271 | D:4      | Reached skill level 5 in Axes
  3940 | D:5      | Entered Level 5 of the Dungeon
  4020 | D:4      | Killed Leavold's ghost
  4026 | D:4      | Got the Dissertation on the Birds
  4113 | D:4      | Reached skill level 6 in Axes
  4113 | D:4      | Reached XP level 6. HP: 20/47 MP: 6/6
  4266 | D:5      | Noticed Pikel
  4293 | D:5      | HP: 2/47 [Pikel/+0 whip of flaming (2)]
  4301 | D:5      | Killed Pikel
  4302 | D:5      | Reached skill level 8 in Axes
  4302 | D:5      | Your scales start taking on a glossy black colour.
  4302 | D:5      | Reached XP level 7. HP: 6/52 MP: 7/7
  4302 | D:5      | Gained mutation: You are resistant to electric shocks.
                  | (rElec) [Black Draconian growth]
  4447 | D:5      | Reached * piety under Okawaru
  4530 | D:5      | Found an ornate altar of the Wu Jian Council.
  4530 | D:5      | Found a glowing golden altar of the Shining One.
  4530 | D:5      | Found a burning altar of Makhleb.
  4555 | D:5      | Noticed Blork the orc
  4571 | D:5      | Killed Blork the orc
  4572 | D:5      | Reached skill level 9 in Axes
  4663 | D:5      | You fall into a shaft and drop 2 floors!
  4740 | D:6      | Reached XP level 8. HP: 15/59 MP: 8/8
  5007 | D:5      | Found a glowing silver altar of Zin.
  5007 | D:5      | Noticed an angel
  5118 | D:6      | Reached skill level 10 in Axes
  5435 | D:6      | Found Etoqiest's Self-Improvement Boutique.
  5549 | D:6      | Reached skill level 1 in Invocations
  5551 | D:6      | Reached ** piety under Okawaru
  6106 | D:7      | Reached skill level 11 in Axes
  6337 | D:7      | Found a staircase to the Ecumenical Temple.
  6390 | D:7      | HP: 1/59 [gnoll sergeant/+0 spear (8)]
  6391 | D:7      | Reached XP level 9. HP: 1/64 MP: 9/11
  6717 | D:7      | Found an ancient bone altar of Kikubaaqudgha.
  6717 | D:7      | Found a faded altar of an unknown god.
  6725 | D:7      | Found a sparkling altar of Nemelex Xobeh.
  6727 | D:7      | Found a sacrificial altar of Ru.
  6729 | D:7      | Found a faded altar of an unknown god.
  7421 | D:8      | Identified the +3 spear "Jeg Hewk" {freeze, Stlth+}
  8057 | D:9      | Noticed a troll
  8256 | D:9      | Noticed a queen bee
  8466 | D:9      | Killed a troll
  8467 | D:9      | Reached skill level 12 in Axes
  8717 | D:10     | Entered Level 10 of the Dungeon
  8739 | D:10     | Reached *** piety under Okawaru
  8813 | D:10     | Noticed a two-headed ogre
  8822 | D:10     | Killed a two-headed ogre
  8822 | D:10     | Received a gift from Okawaru
  8823 | D:10     | Reached skill level 13 in Axes
  8823 | D:10     | Reached XP level 10. HP: 79/79 MP: 10/13
  8905 | D:10     | Found a radiant altar of Vehumet.
  9055 | D:10     | Noticed a two-headed ogre
  9062 | D:10     | Killed a two-headed ogre
  9062 | D:10     | Reached **** piety under Okawaru
  9615 | D:11     | Noticed Snorg
  9630 | D:11     | Killed Snorg
  9631 | D:11     | Reached skill level 14 in Axes
  9804 | D:11     | Noticed a manticore
  9831 | D:11     | Killed a manticore
  9832 | D:11     | Reached skill level 5 in Dodging
  9907 | D:11     | Found a staircase to the Lair.
  9908 | D:11     | Noticed an elephant
  9926 | D:11     | Killed an elephant
 10052 | D:11     | Noticed a two-headed ogre
 10064 | D:11     | Killed a two-headed ogre
 10064 | D:11     | Reached ***** piety under Okawaru
 10065 | D:11     | Reached XP level 11. HP: 56/84 MP: 14/14
 10204 | D:11     | Reached skill level 15 in Axes
 10351 | D:11     | Found Ydgho's Gadget Gallery.
 10416 | D:11     | Noticed a cyan ugly thing
 10426 | D:11     | Killed a cyan ugly thing
 10758 | D:11     | Found a staircase to the Orcish Mines.
 10796 | Lair:1   | Entered Level 1 of the Lair of Beasts
 10818 | Lair:1   | Slain by a black mamba

Illustrated notes

Levels and vault maps discovered:
D:1:      elethiomel_arrival_maze, layout_rooms
D:2:      layout_loops_ring
D:3:      layout_loops_ring, minmay_misc_feat_diagonals, uniq_ijyb
D:4:      layout_basic, mainiacjoe_overflow_large_starburst,
          ebering_ghost_sewer_d, sigmund_army
D:5:      layout_basic, zin_angel, gammafunk_temple_overflow_claw, uniq_pikel,
          uniq_blork_the_orc
D:6:      layout_loops_ring, serial_aquarium, aquarium_bridge_square
          [aquarium_subvault_wall, aquarium_subvault_bridge,
          aquarium_subvault_balcony, aquarium_subvault_window],
          aquarium_bridge_square [aquarium_subvault_wall,
          aquarium_subvault_bridge, aquarium_subvault_bridge,
          aquarium_subvault_window], aquarium_window_2, aquarium_window_1,
          aquarium_window_corridor_1, aquarium_window_fake, aquarium_view_2a,
          aquarium_balcony_3a, aquarium_pool_2, nicolae_shop_self_help
D:7:      layout_rooms, chequers_temple_overflow_minitemple,
          minmay_temple_entry_tees, nicolae_ossuary_entry_monument
D:8:      layout_basic
D:9:      layout_roguey [special_room_bee], chequers_serial_rivers_large_a
D:10:     layout_roguey, lemuel_coloured_pillars_altar
D:11:     layout_gridville, david_lair_generic, david_orc_4,
          nicolae_shop_gadgets, uniq_snorg
Lair:1:   layout_gridlike, gauntlet_entry_generic

Skill      XL: |  1  2  3  4  5  6  7  8  9 10 11 |
---------------+----------------------------------+-----
Axes           | 1 2 3 4 6 8 9 11 13 14 15 | 15.3
Invocations    | 3 4 |  4.1
Fighting       | 4 |  4.7
Dodging        | 3 5 6 |  6.0
Stealth        | |  0.8
Evocations     | |  3.0

Action                     |  1- 3 |  4- 6 |  7- 9 | 10-12 || total
---------------------------+-------+-------+-------+-------++-------
  Melee: Mace              |    87 |    74 |       |       ||   161
         Club              |    14 |       |       |       ||    14
         Tailslap          |     9 |    21 |    83 |    41 ||   154
         Hand axe          |       |   116 |   309 |       ||   425
         Punch             |       |     3 |     3 |       ||     6
         Dire flail        |       |       |    69 |    19 ||    88
         Battleaxe         |       |       |       |   179 ||   179
 Invoke: Heroism           |       |       |     6 |     5 ||    11
Ability: Breathe Lightning |       |       |     6 |       ||     6
  Evoke: Wand              |     3 |     3 |       |       ||     6
    Use: Potion            |     2 |     1 |     4 |     1 ||     8
         Scroll            |       |     1 |     7 |     1 ||     9
   Stab: Sleeping          |     1 |     2 |       |     1 ||     4
 Armour: Skin              |    50 |    63 |    93 |    78 ||   284
  Dodge: Dodged            |    92 |   108 |   217 |   200 ||   617
  Block: Kite shield       |       |       |    59 |       ||    59

Table legend: (Time is in decaauts)
 A = Elapsed time spent in this place.
 B = Non-inter-level travel time spent in this place.
 C = Inter-level travel time spent in this place.
 D = Time resting spent in this place.
 E = Time spent auto-exploring this place.
 F = Levels seen in this place.
 G = Mean time per level.
                   A        B        C        D        E       F      G
               +--------+--------+--------+--------+--------+-----+--------+
         Total |  10809 |  10277 |    532 |    171 |   8193 |  12 |  900.8 |
       Dungeon |  10789 |  10257 |    532 |    171 |   8193 |  11 |  980.8 |
          Lair |     20 |     20 |      0 |      0 |      0 |   1 |   20.0 |
               +--------+--------+--------+--------+--------+-----+--------+

Top non-repeatable levels by time:
     D:4: 1434 daAuts
     D:2: 1253 daAuts
    D:11: 1167 daAuts
     D:6: 1120 daAuts
     D:8: 1092 daAuts
     D:5: 919 daAuts
    D:10: 887 daAuts
     D:3: 810 daAuts
     D:9: 790 daAuts
     D:7: 665 daAuts
     D:1: 645 daAuts
  Lair:1: 20 daAuts

Levels and vault maps discovered:
D:1:      elethiomel_arrival_maze, layout_rooms
D:2:      layout_loops_ring
D:3:      layout_loops_ring, minmay_misc_feat_diagonals, uniq_ijyb
D:4:      layout_basic, mainiacjoe_overflow_large_starburst,
          ebering_ghost_sewer_d, sigmund_army
D:5:      layout_basic, zin_angel, gammafunk_temple_overflow_claw, uniq_pikel,
          uniq_blork_the_orc
D:6:      layout_loops_ring, serial_aquarium, aquarium_bridge_square
          [aquarium_subvault_wall, aquarium_subvault_bridge,
          aquarium_subvault_balcony, aquarium_subvault_window],
          aquarium_bridge_square [aquarium_subvault_wall,
          aquarium_subvault_bridge, aquarium_subvault_bridge,
          aquarium_subvault_window], aquarium_window_2, aquarium_window_1,
          aquarium_window_corridor_1, aquarium_window_fake, aquarium_view_2a,
          aquarium_balcony_3a, aquarium_pool_2, nicolae_shop_self_help
D:7:      layout_rooms, chequers_temple_overflow_minitemple,
          minmay_temple_entry_tees, nicolae_ossuary_entry_monument
D:8:      layout_basic
D:9:      layout_roguey [special_room_bee], chequers_serial_rivers_large_a
D:10:     layout_roguey, lemuel_coloured_pillars_altar
D:11:     layout_gridville, david_lair_generic, david_orc_4,
          nicolae_shop_gadgets, uniq_snorg
Lair:1:   layout_gridlike, gauntlet_entry_generic
